AoeStats
← VL Arcenick

Lombardia

510247107Analyzed
3v3 RM · 1d ago on Sep 30, 2026· 37m 40s· 6 players
Game mode
Random Map
Map size
Normal (6 player)
Population
200
Speed
Normal
Resources
Standard
Victory
Conquest
Starting age
Dark Age
Ending age
Imperial Age
RankedLock teamsTeams togetherTeam positionsShared explorationLock speedFull tech treeHidden civsTurbo modeCheats
Victory
Defeat
1525
+7
🇨🇴 Tatars · Colombia
1483
+8
🇲🇽 Saracens · Mexico
1421
+10
🇧🇷 Britons · Brazil
1417
-12
🇺🇸 Malay · United States
1248
-7
🇨🇳 Vietnamese · China
1222
-6
TheTimeKeeper
10:04 Feudal Age
15:13 Castle Age
19:07 Forging
21:04 Squires
22:14 Iron Casting
Vhl.FalconKing
6:31 Loom
9:15 Feudal Age
15:22 Fletching
23:27 Castle Age
21:44 Padded Archer Armor
21:42 Double-Bit Axe
23:36 Horse Collar
23:35 Crossbowman
24:14 Bodkin Arrow
26:31 Leather Archer Armor
28:39 Ballistics
axjhbl90
10:51 Feudal Age
12:19 Wheelbarrow
11:32 Loom
12:23 Wheelbarrow
13:11 Double-Bit Axe
VL La Parca (Red Paladin)
10:16 Feudal Age
11:59 Feudal Age
11:30 Loom
12:48 Double-Bit Axe
17:23 Castle Age
18:23 Stone Mining
19:14 Fervor
19:40 Bow Saw
19:21 Horse Collar
20:20 Stone Shaft Mining
19:36 Gold Mining
23:50 Husbandry
24:09 Scale Barding Armor
33:13 Wheelbarrow
33:52 Town Watch
37:10 Imperial Age
35:08 Forging
36:15 Chain Barding Armor
36:30 Iron Casting
36:05 Fletching
38:38 Conscription
VL Mick 💀
6:23 Loom
9:12 Feudal Age
9:57 Double-Bit Axe
19:09 Castle Age
17:41 Gold Mining
17:34 Horse Collar
18:27 Scale Barding Armor
18:57 Bloodlines
20:43 Stone Mining
22:22 Wheelbarrow
33:46 Imperial Age
31:34 Hand Cart
31:55 Fletching
32:54 Bodkin Arrow
33:06 Crossbowman
33:48 Padded Archer Armor
33:53 Arbalester
34:35 Bracer
37:26 Ballistics
37:45 Leather Archer Armor
VL Arcenick
9:08 Feudal Age
9:35 Loom
11:08 Double-Bit Axe
11:40 Horse Collar
13:50 Scale Barding Armor
14:47 Gold Mining
19:59 Castle Age
19:34 Wheelbarrow
20:31 Fletching
20:47 Husbandry
22:00 Bodkin Arrow
28:09 Padded Archer Armor
30:14 Ballistics
37:45 Town Watch
Connection lost

Rejoining the realm…

Still unreachable

The connection could not be restored.

Session expired

The server has moved on; the page needs a fresh start.